 Dungeon Crawl Stone Soup version 0.22.0-38-g04b72b8 (webtiles) character file.

24861 dvd the Eclecticist (level 12, -3/64 HPs)
             Began as a Deep Elf Fire Elementalist on Aug 28, 2018.
             Was a High Priest of Vehumet.
             Slain by a six-headed hydra (13 damage)
             ... on level 4 of the Lair of Beasts.
             The game lasted 00:50:56 (16745 turns).

dvd the Eclecticist (Deep Elf Fire Elementalist)   Turns: 16745, Time: 00:50:57

Health: -3/64      AC: 12    Str:  4    XL:     12   Next: 84%
Magic:  0/43       EV: 16    Int: 30    God:    Vehumet [*****.]
Gold:   862        SH:  0    Dex: 15    Spells: 24/43 levels left

rFire    + . .     SeeInvis .   a - +8 falchion (flame)
rCold    + . .     Gourm    .   (no shield)
rNeg     . . .     Faith    .   p - +2 robe {rC+ rF+}
rPois    .         Spirit   .   h - +2 helmet
rElec    .         Reflect  .   B - +1 cloak
rCorr    .         Harm     .   (no gloves)
MR       +....                  k - +2 pair of boots
Stlth    ++........             (no amulet)
HPRegen  0.20/turn              P - ring of magical power
MPRegen  0.28/turn              E - +3 ring of intelligence

@: no status effects
A: clever 1, screaming 1, weak 1
a: Renounce Religion


You were on level 4 of the Lair of Beasts.
You worshipped Vehumet.
Vehumet was extremely pleased with you.
You were not hungry.

You visited 3 branches of the dungeon, and saw 15 of its levels.
You also visited: Ossuary.

You collected 862 gold pieces.

Inventory:

Hand Weapons
 a - a +8 falchion of flaming (weapon)
 z - a +2 long sword of holy wrath
Armour
 h - a +2 helmet (worn)
 k - a +2 pair of boots (worn)
 p - a +2 robe of resistance (worn)
 B - a +1 cloak (worn)
 L - a +0 large shield of reflection
Jewellery
 e - a +4 ring of protection
 f - an uncursed ring of protection from cold
 t - an uncursed ring of resist corrosion
 D - an uncursed ring of protection from fire
 E - a +3 ring of intelligence (right hand)
 F - an uncursed ring of flight
 M - a +2 ring of intelligence
 P - a ring of magical power (left hand)
 R - an uncursed ring of positive energy
Wands
 g - a wand of digging (11)
 n - a wand of flame (48)
 q - a wand of random effects (29)
 y - a wand of enslavement (11)
 I - a wand of polymorph (18)
 K - a wand of iceblast (16)
 N - a wand of paralysis (31)
Scrolls
 b - 25 scrolls of identify
 m - 5 scrolls of remove curse
 v - a scroll of blinking
 x - 3 scrolls of teleportation
 H - a scroll of amnesia
Potions
 d - 4 potions of haste
 j - 2 potions of resistance
 l - a potion of curing
 o - 3 potions of heal wounds
 r - 2 potions of cancellation
 s - 2 potions of invisibility
 w - a potion of might
 A - a potion of ambrosia
 C - a potion of flight
Comestibles
 c - 23 rations
 i - 9 chunks of flesh


   Skills:
 + Level 2.9 Fighting
 + Level 2.6 Long Blades
   Level 2.2 Maces & Flails
 + Level 6.1 Dodging
 - Level 2.4 Stealth
 + Level 16.0 Spellcasting
 + Level 11.7 Conjurations
 + Level 0.3 Hexes
 + Level 12.5 Fire Magic
 + Level 3.3 Poison Magic
 + Level 1.4 Evocations


You had 24 spell levels left.
You knew the following spells:

 Your Spells              Type           Power        Failure   Level  Hunger
a - Flame Tongue          Conj/Fire      #####        0%          1    None
b - Throw Flame           Conj/Fire      ######       0%          2    None
c - Sticky Flame          Conj/Fire      #######.     1%          4    None
d - Fireball              Conj/Fire      #######...   1%          5    None
e - Olgreb's Toxic Radia  Pois           #####...     1%          4    None
f - Dazzling Spray        Conj/Hex       ######       1%          3    None

Your spell library contained the following spells:

 Spells                   Type           Power        Failure   Level  Hunger
 Yara's Violent Unravell  Hex/Tmut       ####......   13%         5    None
 Animate Skeleton         Necr           N/A          1%          1    None
 Apportation              Tloc           ###...       1%          1    None
 Confusing Touch          Hex            ####..       1%          1    None
 Summon Small Mammal      Summ           ###.         1%          1    None
 Conjure Flame            Conj/Fire      #######.     1%          3    None
 Inner Flame              Hex/Fire       ######..     1%          3    None


Dungeon Overview and Level Annotations

Branches:
Dungeon (10/15)            Temple (1/1) D:4            Lair (4/6) D:8
 Shoals (0/4) Lair:4        Snake (0/4) Lair:3
    Orc: D:9-12

Altars:
Ashenzari
Cheibriados
Dithmenos
Elyvilon
Fedhas
Gozag
Hepliaklqana
Kikubaaqudgha
Makhleb
Nemelex Xobeh
Okawaru
Qazlal
Ru
Sif Muna
Trog
Uskayaw
Vehumet
Wu Jian
Xom
Yredelemnul
Zin
The Shining One

Shops:
D:6 %

Portals:
Trove: D:10 (give 15 scrolls of teleportation)

Annotations:
D:5 2 transporters, Verendum's ghost, novice GnWn
D:10 exclusion: obsidian statue


Innate Abilities, Weirdness & Mutations

Your mind is acute. (Int +2)
You occasionally shout uncontrollably at your foes.
You are weak. (Str -2)


Message History

Confirm with . or Enter, or press ? or * to list all spells.
Aiming: Fireball (safe; 1% risk of failure)
Press: ? - help, Shift-Dir - straight line, f/p - six-headed hydra
Aim: a six-headed hydra (heavily wounded)
The fireball explodes!
The fireball engulfs the six-headed hydra.
The six-headed hydra is severely wounded.
Unknown command.
Casting: Fireball (safe; 1% risk of failure)
Confirm with . or Enter, or press ? or * to list all spells.
Aiming: Sticky Flame (safe; 1% risk of failure)
Press: ? - help, Shift-Dir - straight line, f/p - six-headed hydra
Aim: a six-headed hydra (severely wounded)
The sticky flame hits the six-headed hydra.
The six-headed hydra is almost dead.
The six-headed hydra is covered in liquid flames!
The six-headed hydra burns!
The six-headed hydra bites you! x2
* * * LOW HITPOINT WARNING * * *
The six-headed hydra bites you!
You die...

#.......... ...## .###...
#...#...... #....#..#..#....##
#..###.#..###................#
#...#.#....#..................
#............................†
##.............................
#P<.......†....................
##............................†
#.............@................
#..##....P.##(D...##..#P.....(.
##.###...#.##......######......
###.##P.#.####.....##...##......
#...P#.....##.........>.##......
###........##......#.....#......
#...##....###.....##...##......
##.####...# #.....#.....#......
#.######.###.....######.......


You could see a six-headed hydra (burning).

Vanquished Creatures
  Gastronok (Lair:2)
  5 hydras
  Fannar (Lair:2)
  2 two-headed ogres (D:10)
  Nergalle (Lair:1)
  An unseen horror (D:10)
  A manticore (Lair:4)
  A black mamba (Lair:3)
  Joseph (D:9)
  An ice statue (D:10)
  4 spiny frogs
  3 komodo dragons
  A rime drake (Lair:2)
  A guardian mummy (D:10)
  A troll (D:9)
  2 dream sheep (D:8)
  6 hippogriffs
  2 wyverns
  10 yaks
  A hungry ghost (D:7)
  3 basilisks
  Menkaure (Ossuary)
  3 nagas (Lair:3)
  12 water moccasins
  12 porcupines
  2 ice beasts (D:10)
  A necrophage (D:10)
  3 sky beasts
  4 black bears
  2 orc warriors
  An eye of draining (D:10)
  4 ogres
  4 centaurs
  3 wolves (Lair:2)
  6 crocodiles
  5 big kobolds
  7 bullfrogs
  Blork the orc (D:5)
  A water moccasin zombie (D:5)
  6 scorpions
  3 wights (D:8)
  2 vampire bats (D:4)
  4 electric eels (Lair:1)
  9 howler monkeys
  3 centaur zombies
  3 crimson imps
  5 hounds
  11 orc wizards
  A quasit (D:9)
  2 centaur skeletons
  3 orc priests
  Ijyb (D:3)
  Jessica (D:3)
  7 worker ants
  3 ogre zombies (Ossuary)
  6 mummies (Ossuary)
  10 adders
  7 gnolls
  3 shadow imps
  2 oozes (D:1)
  3 adder zombies (Ossuary)
  An adder skeleton (D:8)
  4 worms
  5 leopard geckos
  17 orcs
  A ball python (D:5)
  8 bats
  2 bat skeletons (D:4)
  2 bat zombies (D:4)
  7 giant cockroaches
  2 gnoll zombies (Ossuary)
  6 goblins
  10 hobgoblins
  11 jackals
  5 quokkas
  5 frilled lizards
  3 goblin zombies (Ossuary)
  3 hobgoblin zombies (Ossuary)
  2 jackal zombies (D:5)
  19 kobolds
  4 kobold zombies (Ossuary)
  2 leopard gecko skeletons
  A quokka skeleton (D:4)
  4 quokka zombies (Ossuary)
  9 rats
  6 rat zombies (Ossuary)
  3 fungi (D:8)
  A plant (D:8)
359 creatures vanquished.

Vanquished Creatures (collateral kills)
  A crocodile (Lair:1)
1 creature vanquished.

Vanquished Creatures (others)
  10 fungi
  4 plants
14 creatures vanquished.

Grand Total: 374 creatures vanquished

Notes
Turn   | Place    | Note
-------+----------+-------------------------------------------
     0 | D:1      | dvd the Deep Elf Fire Elementalist began the quest for the Orb.
     0 | D:1      | Reached XP level 1. HP: 10/10 MP: 6/6
   159 | D:1      | Reached XP level 2. HP: 15/15 MP: 0/8
   370 | D:1      | Learned a level 2 spell: Throw Flame
   858 | D:2      | Reached XP level 3. HP: 19/19 MP: 6/10
  1423 | D:2      | Reached skill level 4 in Spellcasting
  1694 | D:2      | Reached XP level 4. HP: 24/24 MP: 9/12
  1774 | D:2      | Learned a level 4 spell: Sticky Flame
  2046 | D:3      | Found a white marble altar of Elyvilon.
  2373 | D:3      | Noticed Ijyb
  2386 | D:3      | Killed Ijyb
  2514 | D:3      | Reached XP level 5. HP: 26/28 MP: 5/14
  2516 | D:3      | Noticed Jessica
  2583 | D:3      | Killed Jessica
  2583 | D:3      | Reached skill level 5 in Spellcasting
  2723 | D:3      | Found a sparkling altar of Nemelex Xobeh.
  2827 | D:4      | Reached skill level 6 in Spellcasting
  2827 | D:4      | Reached skill level 5 in Fire Magic
  2872 | D:4      | Found a sand-covered staircase.
  2893 | D:4      | Learned a level 5 spell: Fireball
  2894 | Ossuary  | Entered an ossuary
  2965 | Ossuary  | Reached XP level 6. HP: 32/32 MP: 11/17
  3341 | Ossuary  | Noticed Menkaure
  4021 | Ossuary  | Reached skill level 7 in Spellcasting
  4125 | Ossuary  | Killed Menkaure
  4125 | Ossuary  | Reached XP level 7. HP: 36/36 MP: 12/19
  4401 | D:4      | Found an ancient bone altar of Kikubaaqudgha.
  4525 | D:4      | Found a staircase to the Ecumenical Temple.
  4595 | Temple   | Entered the Ecumenical Temple
  4728 | Temple   | Became a worshipper of Vehumet
  5124 | D:5      | Entered Level 5 of the Dungeon
  5531 | D:5      | Reached skill level 1 in Maces & Flails
  5740 | D:5      | Reached skill level 8 in Spellcasting
  5956 | D:5      | Noticed Blork the orc
  5970 | D:5      | Killed Blork the orc
  5970 | D:5      | Reached XP level 8. HP: 41/42 MP: 7/22
  6305 | D:5      | Found a transporter.
  6305 | D:5      | Noticed Verendum's ghost (novice GnWn)
  6385 | D:5      | Found a transporter.
  6600 | D:6      | Found a sparkling altar of Nemelex Xobeh.
  6621 | D:6      | Found a shimmering altar of Xom.
  6677 | D:6      | Reached skill level 1 in Fighting
  6935 | D:6      | Reached skill level 5 in Conjurations
  7056 | D:6      | Found Jousseuv's Food Shop.
  7130 | D:6      | Reached * piety under Vehumet
  7130 | D:6      | Offered knowledge of Magic Dart by Vehumet.
  7179 | D:6      | Reached skill level 9 in Spellcasting
  7250 | D:6      | Learned a level 1 spell: Magic Dart
  7506 | D:7      | Noticed a hippogriff
  7512 | D:7      | Killed a hippogriff
  7589 | D:7      | Reached XP level 9. HP: 46/47 MP: 19/24
  8335 | D:8      | Found a staircase to the Lair.
  8343 | D:8      | Reached skill level 10 in Spellcasting
  8655 | D:8      | Reached skill level 11 in Spellcasting
  8748 | D:8      | Noticed a three-headed hydra
  8751 | D:8      | Offered knowledge of Searing Ray by Vehumet.
  8751 | D:8      | Reached XP level 10. HP: 52/52 MP: 24/27
  8761 | D:8      | Killed a three-headed hydra
  9327 | D:8      | Reached ** piety under Vehumet
  9760 | D:8      | Found a glowing golden altar of the Shining One.
  9794 | D:8      | Found a hide-covered altar of Uskayaw.
  9797 | D:8      | Found a hazy altar of Hepliaklqana.
  9798 | D:8      | Found a shadowy altar of Dithmenos.
  9798 | D:8      | Found a sacrificial altar of Ru.
  9798 | D:8      | Found a blossoming altar of Fedhas.
 10035 | D:9      | Reached skill level 5 in Dodging
 10333 | D:9      | Offered knowledge of Dazzling Spray by Vehumet.
 10333 | D:9      | Reached skill level 12 in Spellcasting
 10499 | D:9      | Noticed Joseph
 10504 | D:9      | Killed Joseph
 10504 | D:9      | Reached skill level 10 in Fire Magic
 10524 | D:9      | Reached *** piety under Vehumet
 10759 | D:9      | Learned a level 3 spell: Dazzling Spray
 10936 | D:10     | Entered Level 10 of the Dungeon
 10966 | D:10     | Found a portal to a secret trove of treasure.
 11197 | D:10     | Gained mutation: You are weak. (Str -2) [potion of mutation]
 11197 | D:10     | Gained mutation: You occasionally shout uncontrollably at your foes. [potion of mutation]
 11197 | D:10     | Gained mutation: Your mind is acute. (Int +2) [potion of mutation]
 11239 | D:10     | Offered knowledge of Olgreb's Toxic Radiance by Vehumet.
 11284 | D:10     | Learned a level 4 spell: Olgreb's Toxic Radiance
 11375 | D:10     | Noticed a two-headed ogre
 11376 | D:10     | Reached XP level 11. HP: 58/58 MP: 29/29
 11384 | D:10     | Killed a two-headed ogre
 11384 | D:10     | Reached skill level 1 in Long Blades
 11690 | D:10     | Noticed a two-headed ogre
 11697 | D:10     | Killed a two-headed ogre
 11697 | D:10     | Reached **** piety under Vehumet
 11697 | D:10     | Reached skill level 13 in Spellcasting
 11938 | D:10     | Noticed an obsidian statue
 12014 | D:10     | Reached skill level 1 in Poison Magic
 12034 | D:10     | Noticed an unseen horror
 12035 | D:10     | Killed an unseen horror
 12035 | D:10     | Reached skill level 10 in Conjurations
 12532 | Lair:1   | Entered Level 1 of the Lair of Beasts
 12712 | Lair:1   | Offered knowledge of Fulminant Prism by Vehumet.
 12722 | Lair:1   | Noticed Nergalle
 12741 | Lair:1   | Killed Nergalle
 13253 | Lair:1   | Reached skill level 14 in Spellcasting
 13823 | Lair:2   | Noticed a five-headed hydra
 13829 | Lair:2   | Killed a five-headed hydra
 13829 | Lair:2   | Reached skill level 1 in Evocations
 13968 | Lair:2   | Noticed Fannar
 13976 | Lair:2   | Killed Fannar
 13976 | Lair:2   | Reached XP level 12. HP: 64/64 MP: 21/32
 14293 | Lair:2   | Noticed Gastronok
 14301 | Lair:2   | Killed Gastronok
 14632 | Lair:3   | Found a staircase to the Snake Pit.
 14647 | Lair:3   | Reached skill level 15 in Spellcasting
 14786 | Lair:3   | Noticed a four-headed hydra
 14791 | Lair:3   | Killed a four-headed hydra
 15726 | Lair:4   | Found a staircase to the Shoals.
 15927 | Lair:4   | Noticed a seven-headed hydra
 15950 | Lair:4   | HP: 3/64 [poisoned by a water moccasin]
 15955 | Lair:4   | HP: 2/64 [poisoned by a water moccasin]
 15962 | Lair:4   | HP: 2/64 [poisoned by a water moccasin]
 15970 | Lair:4   | HP: 1/64 [poisoned by a water moccasin]
 16280 | Lair:4   | Noticed a six-headed hydra
 16284 | Lair:4   | Killed a six-headed hydra
 16372 | Lair:4   | Noticed a six-headed hydra
 16704 | Lair:4   | Killed a seven-headed hydra
 16704 | Lair:4   | Reached ***** piety under Vehumet
 16704 | Lair:4   | Reached skill level 16 in Spellcasting
 16739 | Lair:4   | Offered knowledge of Yara's Violent Unravelling by Vehumet.
 16745 | Lair:4   | Slain by a six-headed hydra

Skill      XL: |  1  2  3  4  5  6  7  8  9 10 11 12 |
---------------+-------------------------------------+-----
Fire Magic     | 4 5 6 7 9 10 11 12 | 12.5
Spellcasting   | 4 6 7 8 9 11 12 14 16 | 16.0
Conjurations   | 2 3 4 5 7 9 10 11 | 11.7
Dodging        | 3 4 5 6 |  6.1
Maces & Flails | 1 2 |  2.2
Fighting       | 1 2 |  2.9
Long Blades    | 1 2 |  2.6
Poison Magic   | 2 3 |  3.3
Evocations     | 1 |  1.4
Stealth        | |  2.4
Hexes          | |  0.3

Action                   |  1- 3 |  4- 6 |  7- 9 | 10-12 || total
-------------------------+-------+-------+-------+-------++-------
Melee: Unarmed           |     2 |       |       |       ||     2
       Mace              |       |     1 |   320 |       ||   321
       Flail             |       |     1 |    12 |       ||    13
       Falchion          |       |       |       |    57 ||    57
 Cast: Flame Tongue      |    60 |   131 |    76 |    84 ||   351
       Throw Flame       |    12 |    33 |    54 |    39 ||   138
       Sticky Flame      |       |     6 |    22 |    49 ||    77
       Fireball          |       |       |     9 |   122 ||   131
       Magic Dart        |       |       |       |     5 ||     5
       Dazzling Spray    |       |       |       |     4 ||     4
       Olgreb's Toxic Ra |       |       |       |    19 ||    19
Evoke: Wand              |       |       |     5 |     6 ||    11
  Use: Potion            |       |       |       |    14 ||    14
       Scroll            |       |       |       |    22 ||    22
  Eat: Chunk             |     2 |     5 |    15 |    21 ||    43
       Ration            |       |     1 |     1 |     2 ||     4
Armor: Robe              |     6 |    22 |   173 |    49 ||   250
Dodge: Dodged            |    13 |    23 |   250 |   110 ||   396
       Rpst.: Falchion   |       |       |       |    28 ||    28
